 Dungeon Crawl Stone Soup version 0.17-a0-2208-ge5ab1d3 (webtiles) character file.

144 kosy22 the Ducker (level 5, 0/53 HPs)
             Began as a Troll Fighter on Oct 26, 2015.
             Slain by a sky beast (4 damage)
             ... on level 3 of the Dungeon.
             The game lasted 00:03:39 (1738 turns).

kosy22 the Ducker (Troll Fighter)                   Turns: 1738, Time: 00:03:39

Health: 0/53       AC:  5    Str: 25    XL:     5   Next: 5%
Magic:  4/4        EV:  8    Int:  4    God:
Gold:   149        SH:  9    Dex:  9    Spells: 0 memorised, 4 levels left

rFire  . . .     SeeInvis .       - Unarmed
rCold  . . .     Clarity  .     a - +0 robe
rNeg   . . .     SustAt   .     b - +0 shield
rPois  .         Gourm    +     (helmet restricted)
rElec  .         Spirit   .     (no cloak)
rCorr  .         Warding  .     (gloves unavailable)
rMut   .         Stasis   .     (boots unavailable)
MR     .....                    (no amulet)
Stlth  +.........               (no ring)
                                (no ring)

@: about to teleport, not resistant to hostile enchantments, very unstealthy
A: unfitting armour, claws 3, fast metabolism 3, gourmand, regeneration 2,
shaggy fur 1, tough skin 2
a: no special abilities


You were on level 3 of the Dungeon.
You were not hungry.

You visited 1 branch of the dungeon, and saw 3 of its levels.

You collected 149 gold pieces.

Inventory:

Armour
 a - a +0 robe (worn)
 b - a +0 shield (worn)
Jewellery
 q - an uncursed ring of see invisible {unknown}
Scrolls
 g - 5 scrolls of identify
Potions
 c - a potion of might
 f - 3 potions of lignification {unknown}
 h - a potion of resistance
 k - a potion of cure mutation {unknown}
 l - 2 potions of curing {unknown}
 o - a potion of agility {unknown}
Comestibles
 d - 2 bread rations
 i - a meat ration
 m - a beef jerky
 n - 3 slices of pizza


   Skills:
 + Level 3.2 Fighting
 + Level 3.3 Dodging
 + Level 0.1 Stealth
 + Level 3.0 Shields
 + Level 2.8 Unarmed Combat


You had 4 spell levels left.
You didn't know any spells.

Dungeon Overview and Level Annotations

Branches:
Dungeon (3/15)

Altars:
Cheibriados
Nemelex Xobeh


Innate Abilities, Weirdness & Mutations

You are too large for most types of armour.
You have claws for hands.
Your metabolism is lightning-fast.
You like to eat raw meat.
You heal very quickly.
You are covered in fur (AC +1).
You have very tough skin (AC +2).


Message History

* * * LOW HITPOINT WARNING * * *
Something shocks you.
* * * LOW HITPOINT WARNING * * *
Read which item? (? for menu, Esc to quit)
As you read the scroll labeled ARHUF POTWOIST, it crumbles to dust.
You feel forgetful for a moment.
It was a scroll of amnesia.
A sky beast appears from thin air!
Reactivating autopickup.
The sky beast barely misses you.
Read which item? (? for menu, Esc to quit)
As you read the scroll labeled WYSSUEBLIUS, it crumbles to dust.
You feel blessed for a moment.
It was a scroll of remove curse.
The sky beast flickers out of sight!
Deactivating autopickup; reactivate with Ctrl-A.
Something hits you but does no damage.
Read which item? (? for menu, Esc to quit)
As you read the scroll labeled GAEFRI NIGY, it crumbles to dust.
You feel strangely unstable.
It was a scroll of teleportation.
Something hits you.
You die...

#......##########.#
###...## #####.#
##.## #.....# #.#
#.##### ## #.# #.#
.# #+# #.# .# #.#
.# #.######### ##
#.@.......# ##
#...#####.# .+
...#...# ##
##.###.## #.# ##.
## .. #.# .#


There were no monsters in sight!

Vanquished Creatures
  Ijyb (D:3)
  Jessica (D:2)
  Terence (D:2)
  3 adders (D:2)
  An ooze (D:3)
  3 worms (D:2)
  A hobgoblin (D:1)
  5 jackals
  A quokka (D:2)
  5 bats (D:1)
  2 giant newts
  2 goblins (D:2)
  6 kobolds
  2 rats
34 creatures vanquished.

Notes
Turn   | Place    | Note
--------------------------------------------------------------
     0 | D:1      | kosy22 the Troll Fighter began the quest for the Orb.
     0 | D:1      | Reached XP level 1. HP: 22/22 MP: 0/0
   273 | D:1      | Reached XP level 2. HP: 25/29 MP: 1/1
   621 | D:2      | Reached XP level 3. HP: 36/36 MP: 2/2
   901 | D:2      | Found a sparkling altar of Nemelex Xobeh.
   939 | D:2      | Noticed Jessica
   953 | D:2      | Killed Jessica
   953 | D:2      | Reached skill level 3 in Fighting
   986 | D:2      | Reached XP level 4. HP: 45/45 MP: 3/3
  1034 | D:2      | Noticed Terence
  1052 | D:2      | Killed Terence
  1494 | D:3      | Found a snail-covered altar of Cheibriados.
  1626 | D:3      | Noticed Ijyb
  1627 | D:3      | Paralysed by Ijyb for 7 turns
  1642 | D:3      | Paralysed by Ijyb for 6 turns
  1652 | D:3      | Killed Ijyb
  1652 | D:3      | Reached XP level 5. HP: 51/53 MP: 4/4
  1719 | D:3      | Noticed a sky beast
  1734 | D:3      | HP: 2/53 [something (6)]
  1738 | D:3      | Slain by a sky beast

Vault maps used:
D:1:      dpeg_arrival_lava_altar
D:2:      lemuel_statue_altar, uniq_jessica, uniq_terence
D:3:      nicolae_overflow_crystal_walls, uniq_iyjb

Action                   |  1- 3 |  4- 6 || total
-------------------------+-------+-------++-------
Melee: Unarmed           |    63 |    78 ||   141
  Use: Scroll            |     1 |     3 ||     4
  Eat: Bread ration      |     2 |     1 ||     3
       Pizza             |     1 |       ||     1
       Chunk             |       |     1 ||     1
